 Dungeon Crawl Stone Soup version 0.31-a0-1-g4198be8af4 (webtiles) character file.

Game seed: 12697054647464633680

299 kae the Changer (level 6, -3/51 HPs)
             Began as a Merfolk Transmuter on May 1, 2023.
             Slain by Menkaure (5 damage)
             ... on level 4 of the Dungeon.
             The game lasted 00:04:02 (2839 turns).

kae the Changer (Merfolk Transmuter)                Turns: 2839, Time: 00:04:02

Health: -3/51      AC:  6    Str: 17    XL:     6   Next: 36%
Magic:  7/11       EV: 10    Int: 14    God:
Gold:   1191       SH:  0    Dex: 14    Spells: 2/12 levels left

rFire   x .          .
                       - Unarmed
rCold   + + +        (shield currently unavailable)
rNeg    . . .        a - melded +0 robe
rPois   +            (helmet currently unavailable)
rElec   .            (cloak currently unavailable)
rCorr   .            (gloves currently unavailable)
SInv    .            e - melded +1 pair of boots
Will    .....        (no amulet)
Stlth   +            S - +6 ring of strength
HPRegen 0.28/turn    (no ring)
MPRegen 0.12/turn

%: no passive effects
@: ice-form
A: freezing attack, boosted hp, large, (nimble swimmer 2), (mertail)
a: End Transformation


You were on level 4 of the Dungeon.
You were a creature of crystalline ice.
You visited 1 branch of the dungeon, and saw 4 of its levels.

You collected 1191 gold pieces.


Innate Abilities, Weirdness & Mutations

You are a creature of crystalline ice.
You have a powerful freezing melee attack.
Your maximum health is increased.
Your armour is entirely melded.
You are incapable of wielding weapons or throwing items.
((You are very nimble when in or above water. (Stealth+, EV+, Speed+++)))
((Your lower body shifts to a powerful aquatic tail in water.))


   Skills:
 - Level 1.1 Fighting
 - Level 2.6 Dodging
 + Level 4.9 Unarmed Combat
 + Level 3.6 Spellcasting
 + Level 5.1 Transmutations
 - Level 2.0 Poison Magic


You had 2 spell levels left.
You knew the following spells:

 Your Spells              Type           Power      Damage    Failure   Level
a - Beastly Appendage     Tmut           34%        N/A       2%          1
b - Wereblood             Tmut           17%        N/A       3%          2
c - Spider Form           Tmut/Pois      12%        N/A       14%         3
d - Ice Form              Ice/Tmut       9%         N/A       56%         4

Your spell library contained the following spells:

 Spells                   Type           Power      Damage    Failure   Level
 Magic Dart               Conj           8%         1d3       21%         1
 Call Imp                 Summ           4%         N/A       30%         2
 Scorch                   Fire           4%         2d5       30%         2
 Mephitic Cloud           Conj/Pois/Air  4%         N/A       43%         3
 Flame Wave               Conj/Fire      2%         2d4       90%         4
 Fireball                 Conj/Fire      1%         3d3       99%         5
 Iskenderun's Battlesphe  Conj           2%         2d6       99%         5
 Conjure Ball Lightning   Conj/Air       1%         3x3d6     100%        6
 Summon Cactus Giant      Summ           1%         N/A       100%        6
 Orb of Destruction       Conj           1%         9d5       100%        7

Inventory:

Missiles
 c - 45 stones
Armour
 a - a +0 robe (melded)
 e - a +1 pair of boots (melded)
   (You found it on level 1 of the Dungeon)
Jewellery
 C - a ring of ice
   (You found it on level 1 of the Dungeon)
 S - a +6 ring of strength (left front paw)
   (You found it on level 3 of the Dungeon)
 T - an amulet of faith {!P}
   (You found it on level 4 of the Dungeon)
Scrolls
 g - 2 scrolls of immolation {!r!r}
 k - a scroll of fear
 l - 2 scrolls of teleportation {@r4}
 m - a scroll of vulnerability {!r!r}
 n - 2 scrolls of enchant armour {unknown}
 o - a scroll of poison {!r}
Potions
 b - a potion of lignification {!q}
 d - 4 potions of mutation {unknown}
 f - 2 potions of brilliance
 h - 4 potions of curing {@q1}
 i - 2 potions of cancellation
 j - a potion of heal wounds {unknown}

Dungeon Overview and Level Annotations

Branches:
Dungeon (4/15) Zot: 21184
 Temple: D:4-7

Altars:

Shops:
D:4 :

Annotations:
D:4 Eustachio, Menkaure

##..# #..# ....# #..#
#...# #..# #..# #..#
#.##..###..###
#............#
#.###.#.....#
#.##........##########
#.##..#.......YM......
#.##..##...###########
#.##..######
#.##..####
###.##.....#
..P..#.###.# .......#
#.# ###.##>###.#
#.##.....#


You could see Menkaure.


Message History

The orc wizard hits you with a +0 dagger.
You hit the orc wizard. The orc wizard barely misses you.
The kobold completely misses you.
You barely miss the kobold.
Your transformation has ended.
Your +1 pair of boots unmelds from your body.
Your +0 robe unmelds from your body.
The orc wizard casts a spell.
The orc wizard flickers and vanishes!
Deactivating autopickup; reactivate with Ctrl-A.
The kobold barely misses you. 😮 MP[+1]
You hit the kobold. Something hits you. 😮 HP[-3]
You take 3 damage, and now have 25/43 hp.
You hit something.
You feel a bit better.
Reactivating autopickup.
You feel a bit more experienced. The kobold closely misses you. 😮 HP[+3]
You regained 3 hp, and now have 28/43 hp.
You closely miss the kobold. The kobold barely misses you.
You punch the kobold!
You feel a bit better.
You kill the kobold! 😮 HP[+1]
Items here: )) ††.
Unknown command.
Your primal bloodlust is almost over. 😮 HP[+1] Unknown command.
You howl as the wereblood boils in your veins!
You howl as the wereblood boils in your veins!
You howl as the wereblood boils in your veins!
Your primal bloodlust has ended.
Your legs become a tail as you enter the water.
Your +1 pair of boots melds into your body.
Your +1 pair of boots unmelds from your body.
n - 2 scrolls labelled TUAMATR BYATZ (gained 1)
Your legs become a tail as you enter the water.
Your +1 pair of boots melds into your body.
Your +1 pair of boots unmelds from your body.
Your legs become a tail as you enter the water.
Your +1 pair of boots melds into your body.
Your +1 pair of boots unmelds from your body.
Your legs become a tail as you enter the water.
Your +1 pair of boots melds into your body.
Your +1 pair of boots unmelds from your body.
o - a scroll of poison {!r} 😎 HP[+13] MP[+2]
Your hp is fully restored (43).
Your mp is fully restored (11).
Your legs become a tail as you enter the water.
Your +1 pair of boots melds into your body.
Key pressed, stopping explore.
Unknown command.
Your +1 pair of boots unmelds from your body.
Your legs become a tail as you enter the water.
Your +1 pair of boots melds into your body.
Your +1 pair of boots unmelds from your body.
Your legs become a tail as you enter the water.
Your +1 pair of boots melds into your body.
Your +1 pair of boots unmelds from your body.
Your legs become a tail as you enter the water.
Your +1 pair of boots melds into your body.
Your +1 pair of boots unmelds from your body.
Your legs become a tail as you enter the water.
Your +1 pair of boots melds into your body.
Your +1 pair of boots unmelds from your body.
Key pressed, stopping explore.
Unknown command.
There is an escape hatch in the floor here.
Menkaure, Prince of Dust comes into view.
Unknown command.
Okay, then.
Casting: Wereblood (safe; 3% risk of failure)
Confirm with . or Enter, or press ? or * to list all spells.
The spell is extremely dangerous to miscast (56% risk of failure)!
Continue anyway? [Y]es or [N]o only, please.
The spell is extremely dangerous to miscast (56% risk of failure)!
Continue anyway?
You turn into a creature of crystalline ice.
Your +1 pair of boots melds into your body.
Your +0 robe melds into your body. 😎 HP[+8] MP[-4]
You now have 51 max hp (+8).
Your hp is fully restored (51).
You lost 4 mp, and now have 7/11 mp.
Menkaure shouts!
Menkaure gestures at you while chanting.
Pain shoots through your body! 😕 HP[-10]
You take 10 damage, and now have 41/51 hp.
Unknown command.
You punch Menkaure! You freeze Menkaure.
Menkaure calls on the powers of darkness!
Your body is wracked with pain!
* * * LOW HITPOINT WARNING * * *
You hit Menkaure. Menkaure hits you!!
* * * LOW HITPOINT WARNING * * *
😱 HP[-39]
You take 39 damage, and now have 2/51 hp.
MASSIVE DAMAGE!! (PAUSE)
You completely miss Menkaure. Menkaure hits you.
You die...

Skill      XL: |  1  2  3  4  5  6 |
---------------+-------------------+-----
Transmutations | 3 4 5 |  5.1
Poison Magic   | 1 2 |  2.0
Unarmed Combat | 4 |  4.9
Spellcasting   | 3 |  3.6
Fighting       | |  1.1
Dodging        | |  2.6

Action                     |  1- 3 |  4- 6 || total
---------------------------+-------+-------++-------
  Melee: Unarmed           |    75 |   158 ||   233
         Punch             |     4 |     1 ||     5
         Headbutt          |     5 |    10 ||    15
   Cast: Beastly Appendage |    14 |    20 ||    34
         Spider Form       |     2 |    10 ||    12
         Wereblood         |     2 |     1 ||     3
         Ice Form          |       |     1 ||     1
Ability: End Transformatio |     1 |       ||     1
    Use: Scroll            |     2 |     9 ||    11
         Potion            |       |     1 ||     1
   Stab: Sleeping          |     2 |       ||     2
 Armour: Robe              |    15 |    25 ||    40
         Skin              |     1 |     4 ||     5
  Dodge: Dodged            |    47 |   130 ||   177

Levels and vault maps discovered:
D:1:      minmay_arrival_hallway, layout_basic,
          hellmonk_ecumenical_altar_run_dry, minmay_misc_feat_tower
D:2:      layout_rooms, uniq_robin
D:3:      layout_basic
D:4:      corexii_shack_village, layout_loops_ring, serial_rivers,
          chequers_serial_rivers_room_b, chequers_serial_rivers_small_b,
          chequers_serial_rivers_micro_b, chequers_serial_rivers_marsh,
          chequers_serial_rivers_small_3, serial_shops,
          nicolae_shop_pleasant_corner_grove, nicolae_shop_stone,
          nicolae_shop_industrial_runoff, uniq_menkaure, uniq_eustachio

Notes
Turn   | Place    | Note
-------+----------+-------------------------------------------
     0 | D:1      | kae the Merfolk Transmuter began the quest for the Orb.
     0 | D:1      | Reached XP level 1. HP: 15/15 MP: 3/3
     0 | D:1      | magus.rc [v1.11.3]
   130 | D:1      | Found a faded altar of an unknown god.
   157 | D:1      | Reached XP level 2. HP: 18/21 MP: 3/5
   163 | D:1      | Reached skill level 3 in Transmutations
   175 | D:1      | You pick up a book of the Spheres and begin reading...
   175 | D:1      | You add the spells Iskenderun's Battlesphere, Fireball,
                  | Conjure Ball Lightning and Orb of Destruction to your
                  | library.
   246 | D:1      | Learned a level 2 spell: Wereblood
   298 | D:1      | Reached skill level 1 in Poison Magic
   438 | D:1      | Reached XP level 3. HP: 26/26 MP: 6/6
   442 | D:1      | Learned a level 3 spell: Spider Form
   863 | D:2      | Reached XP level 4. HP: 32/32 MP: 2/7
   867 | D:2      | Reached skill level 4 in Unarmed Combat
   878 | D:2      | Reached skill level 2 in Poison Magic
  1101 | D:2      | Noticed Robin
  1120 | D:2      | Reached skill level 4 in Transmutations
  1145 | D:2      | HP: 8/32 [goblin/+0 dagger[Robin] (5)]
  1145 | D:2      | HP: 2/32 [hobgoblin[Robin] (3)]
  1274 | D:2      | Killed Robin
  1275 | D:2      | Reached skill level 3 in Spellcasting
  1275 | D:2      | Reached XP level 5. HP: 22/37 MP: 3/9
  1408 | D:2      | You pick up a book of Scorching and begin reading...
  1408 | D:2      | You add the spells Scorch, Flame Wave and Summon Cactus
                  | Giant to your library.
  1610 | D:2      | Identified a scroll of acquirement
  1610 | D:2      | Acquired 981 gold pieces
  1938 | D:3      | Identified the +2 leather armour of Rueceil {rF+ Int+2}
  2447 | D:4      | Reached XP level 6. HP: 43/43 MP: 7/11
  2464 | D:4      | Learned a level 4 spell: Ice Form
  2501 | D:4      | You pick up a book of Minor Magic and begin reading...
  2501 | D:4      | You add the spells Magic Dart, Call Imp and Mephitic Cloud
                  | to your library.
  2516 | D:4      | Noticed Eustachio
  2520 | D:4      | Found Othaaduv's Book Boutique.
  2684 | D:4      | Reached skill level 5 in Transmutations
  2829 | D:4      | Noticed Menkaure
  2838 | D:4      | HP: 2/51 [Menkaure (21)]
  2839 | D:4      | Slain by Menkaure

Vanquished Creatures
  2 orc priests
  A sleepcap (D:2)
  An iguana (D:4)
  An orc wizard (D:4)
  Robin (D:2)
  A gnoll (D:1)
  5 adders
  A worm (D:4)
  3 dart slugs
  4 orcs
  5 endoplasms
  5 giant cockroaches
  8 hobgoblins
  6 jackals (D:2)
  2 quokkas
  7 ball pythons
  10 bats
  A frilled lizard (D:2)
  11 goblins
  8 kobolds
  4 rats
87 creatures vanquished.

Vanquished Creatures (others)
  2 plants (D:4)
2 creatures vanquished.

Grand Total: 89 creatures vanquished

Table legend:
 A = Non-vault XP
 B = Vault XP
 C = Vault XP percentage of total XP
 D = Non-vault monster count
 E = Vault monster count
 F = Vault count percentage of total count
                 A         B        C        D         E       F
            +---------+---------+-------+---------+---------+-------
      Total |     391 |      37 |   8.6 |      74 |      13 |  14.9
            +---------+---------+-------+---------+---------+-------
        D:1 |      62 |       0 |   0.0 |      29 |       0 |   0.0
        D:2 |      87 |      37 |  29.8 |      21 |      13 |  38.2
        D:3 |      74 |       0 |   0.0 |      11 |       0 |   0.0
        D:4 |     168 |       0 |   0.0 |      13 |       0 |   0.0
            +---------+---------+-------+---------+---------+-------

Skill      XL: |  1  2  3  4  5  6 |
---------------+-------------------+-----
Transmutations | 3 4 5 |  5.1
Poison Magic   | 1 2 |  2.0
Unarmed Combat | 4 |  4.9
Spellcasting   | 3 |  3.6
Fighting       | |  1.1
Dodging        | |  2.6

Action                     |  1- 3 |  4- 6 || total
---------------------------+-------+-------++-------
  Melee: Unarmed           |    75 |   158 ||   233
         Punch             |     4 |     1 ||     5
         Headbutt          |     5 |    10 ||    15
   Cast: Beastly Appendage |    14 |    20 ||    34
         Spider Form       |     2 |    10 ||    12
         Wereblood         |     2 |     1 ||     3
         Ice Form          |       |     1 ||     1
Ability: End Transformatio |     1 |       ||     1
    Use: Scroll            |     2 |     9 ||    11
         Potion            |       |     1 ||     1
   Stab: Sleeping          |     2 |       ||     2
 Armour: Robe              |    15 |    25 ||    40
         Skin              |     1 |     4 ||     5
  Dodge: Dodged            |    47 |   130 ||   177

Illustrated notes

Table legend:
 A = Kills in this place as a percentage of kills in the entire game.
 B = Kills by you in this place as a percentage of kills by you in the entire game.
 C = Kills by friends in this place as a percentage of kills by friends in the entire game.
 D = Other kills in this place as a percentage of other kills in the entire game.
 E = Experience gained in this place as a percentage of experience gained in the entire game.
 F = Experience gained in this place divided by the number of levels of this place that you have seen.
                   A       B       C       D       E      F
               +-------+-------+-------+-------+-------+----------------------
         Total | 100.0 | 100.0 |   N/A |   N/A | 100.0 | 107.0
       Dungeon | 100.0 | 100.0 |   N/A |   N/A | 100.0 | 107.0
               +-------+-------+-------+-------+-------+----------------------

Table legend: (Time is in decaauts)
 A = Elapsed time spent in this place.
 B = Non-inter-level travel time spent in this place.
 C = Inter-level travel time spent in this place.
 D = Time resting spent in this place.
 E = Time spent auto-exploring this place.
 F = Levels seen in this place.
 G = Mean time per level.
                   A        B        C        D        E       F      G
               +--------+--------+--------+--------+--------+-----+--------+
         Total |   2814 |   2753 |     61 |    172 |   1944 |   4 |  703.5 |
       Dungeon |   2814 |   2753 |     61 |    172 |   1944 |   4 |  703.5 |
               +--------+--------+--------+--------+--------+-----+--------+

Top non-repeatable levels by time:
     D:1: 833 daAuts
     D:2: 788 daAuts
     D:3: 718 daAuts
     D:4: 472 daAuts
